AoeStats
← AltF4

Arabia

509455090Analyzed
2v2 RM · 6d ago on Sep 26, 2026· 19m 30s· 4 players
Game mode
Random Map
Map size
Medium (4 player)
Population
200
Speed
Normal
Resources
Standard
Victory
Conquest
Starting age
Dark Age
Ending age
Imperial Age
RankedLock teamsTeams togetherTeam positionsShared explorationLock speedFull tech treeHidden civsTurbo modeCheats
Victory
Defeat
🇦🇷 Ethiopians · Argentina
1132
+18
🇦🇷 Gurjaras · Argentina
1111
+19
🇪🇨 Mongols · Ecuador
1198
-19
🇦🇷 Malians · Argentina
1158
-18
AltF4
2:15 Loom
6:24 Loom
9:04 Feudal Age
10:10 Double-Bit Axe
16:15 Padded Archer Armor
16:13 Fletching
GeoOmar
9:30 Feudal Age
9:32 Loom
9:36 Loom
13:50 Castle Age
12:16 Double-Bit Axe
gabrielldu64
4:52 Loom
9:20 Feudal Age
10:01 Man-at-Arms
13:25 Double-Bit Axe
15:29 Scale Mail Armor
spectro
7:08 Loom
9:27 Feudal Age
10:56 Double-Bit Axe
15:53 Fletching
17:05 Padded Archer Armor
21:58 Castle Age
Connection lost

Rejoining the realm…

Still unreachable

The connection could not be restored.

Session expired

The server has moved on; the page needs a fresh start.